 Dungeon Crawl Stone Soup version 0.29-a0-864-g6811fc6 (webtiles) character file.

Game seed: 15433950553982375356

13041 GeorgeSoros the Frost Mage (level 11, -7/78 HPs)
             Began as a Demonspawn Ice Elementalist on July 16, 2022.
             Was an Elder of Qazlal.
             Mangled by a boulder beetle (21 damage)
             ... on level 11 of the Dungeon.
             The game lasted 00:51:00 (14048 turns).

GeorgeSoros the Frost Mage (DsIE)                  Turns: 14048, Time: 00:51:01

Health: -7/78      AC: 25    Str: 10    XL:     11   Next: 70%
Magic:  3/16       EV: 11    Int: 19    God:    Qazlal [****..]
Gold:   449        SH: 15    Dex: 14    Spells: 3/14 levels left

rFire   . . .      SeeInvis .   a - +10 long sword "Kekir" {venom, rN+ rCorr}
rCold   . . .      Faith    .   M - +0 buckler
rNeg    + . .      Spirit   .   K - +3 leather armour
rPois   +          Reflect  +   j - +2 helmet
rElec   .          Harm     .   (no cloak)
rCorr   +          Rampage  .   d - +1 pair of gloves
Will    .....                   y - +2 pair of boots
Stlth   +.........              G - amulet of reflection
HPRegen 0.23/turn               s - ring of wizardry
MPRegen 0.15/turn               t - ring of poison resistance

@: ice-armoured, repel missiles
A: claws 2, thin metallic scales 2, foul stench 2
a: Renounce Religion, Upheaval, Elemental Force


You were on level 11 of the Dungeon.
You worshipped Qazlal.
Qazlal was greatly pleased with you.
You visited 2 branches of the dungeon, and saw 12 of its levels.

You collected 661 gold pieces.
You spent 212 gold pieces at shops.

Inventory:

Hand Weapons
 a - the +10 long sword "Kekir" (weapon) {venom, rN+ rCorr}
   (You bought it in a shop on level 4 of the Dungeon)

   It poisons the flesh of those it strikes.
   rN:        It protects you from negative energy.
   rCorr:     It protects you from acid and corrosion.
 f - a +0 sling
 x - a +0 trident
 A - a +6 flail of freezing
Missiles
 c - 28 poisoned darts
Armour
 d - a +1 pair of gloves (worn)
 j - a +2 helmet (worn)
 y - a +2 pair of boots (worn)
 K - a +3 leather armour (worn)
 M - a +0 buckler (worn)
Magical Staves
 D - a staff of cold
Jewellery
 l - a ring of fire
 s - a ring of wizardry (left hand)
 t - a ring of poison resistance (right hand)
 C - a ring of ice
 F - a ring of positive energy
 G - an amulet of reflection (around neck)
 I - the ring "Guupnio" {Fly Dex+2 SInv}
   (You took it off a gnoll sergeant on level 10 of the Dungeon)

   [ring of flight]

   Dex:       It affects your dexterity (+2).
   SInv:      It lets you see invisible.
   Fly:       It grants you flight.
Wands
 e - a wand of flame (22)
 q - a wand of iceblast (12)
 r - a wand of mindburst (12)
 H - a wand of polymorph (3)
 L - a wand of digging (8)
Scrolls
 g - 5 scrolls of vulnerability
 k - 2 scrolls of amnesia
 m - 7 scrolls of teleportation
 u - 2 scrolls of enchant armour
 w - a scroll of blinking
 z - 3 scrolls of magic mapping
 E - 2 scrolls of poison
 N - a scroll of identify
Potions
 b - a potion of magic
 h - 5 potions of curing
 i - a potion of mutation
 n - 2 potions of lignification
 o - 4 potions of flight
 p - 2 potions of brilliance
 v - 2 potions of might
 B - a potion of ambrosia
 J - a potion of heal wounds


   Skills:
 + Level 4.6 Fighting
 + Level 7.3 Long Blades
 - Level 6.0 Armour
 - Level 1.7 Dodging
 - Level 1.7 Stealth
 - Level 4.0 Shields
 - Level 2.0 Spellcasting
 + Level 7.0 Conjurations
 + Level 10.9 Ice Magic
 - Level 7.0 Invocations


You had 3 spell levels left.
You knew the following spells:

 Your Spells              Type           Power      Damage    Failure   Level
a - Freeze                Ice            100%       1d11      1%          1
b - Frozen Ramparts       Ice            86%        1d10      1%          3
c - Ozocubu's Armour      Ice            43%        N/A       1%          3
d - Hailstorm             Conj/Ice       36%        3d9       2%          4

Your spell library contained the following spells:

 Spells                   Type           Power      Damage    Failure   Level
 Apportation              Tloc           2%         N/A       12%         1
 Necrotise                Necr           4%         1d4       12%         1
 Summon Small Mammal      Summ           4%         N/A       12%         1
 Call Canine Familiar     Summ           1%         N/A       32%         3
 Summon Guardian Golem    Hex/Summ       1%         N/A       32%         3
 Lightning Bolt           Conj/Air       7%         1d20      56%         5
 Airstrike                Air            0%         0-2+      69%         4
 Summon Lightning Spire   Summ/Air       1%         N/A       69%         4
 Alistair's Intoxication  Tmut/Pois      0%         N/A       95%         5
 Storm Form               Tmut/Air       0%         N/A       100%        7
 Maxwell's Capacitive Co  Air            0%         ∞         100%        8


Dungeon Overview and Level Annotations

Branches:
Dungeon (11/15)            Temple (1/1) D:4            Lair (0/6) D:11
    Orc: D:9-12

Altars:
Ashenzari
Cheibriados
Dithmenos
Fedhas
Gozag
Hepliaklqana
Kikubaaqudgha
Makhleb
Nemelex Xobeh
Okawaru
Qazlal
Sif Muna
Trog
Uskayaw
Vehumet
Wu Jian
Xom
Yredelemnul

Shops:
D:3 ?   D:4 *

Annotations:
D:8 3 runed translucent doors, Caerwyn's ghost, novice KoEn
D:11 2 transporters, mirui's ghost, journeyman DsGl


Innate Abilities, Weirdness & Mutations

You have very sharp fingernails.
You are mostly covered in thin metallic scales. (AC +3)
You sometimes emit foul miasma when damaged in melee.


Message History

You closely miss something.
The wall freezes something but does no damage.
The shadow strikes at you from the darkness!
Reactivating autopickup.
You slash the shadow!
You destroy the shadow!
Qazlal accepts your kill.
The frozen ramparts melt away.
Casting: Frozen Ramparts (safe; 1% risk of failure)
Confirm with . or Enter, or press ? or * to list all spells.
Casting: Frozen Ramparts (safe; 1% risk of failure)
Press: ? - help, Dir - look around, f - activate The walls around you are covered in ice.
The wall freezes the boulder beetle.
Unknown command.
The wall freezes the boulder beetle!
Unknown command.
The wall freezes the boulder beetle.
The boulder beetle leaps!
You start resting.
A boulder beetle is nearby!
The frozen ramparts melt away.
The boulder beetle curls into a ball and begins rolling!
Casting: Frozen Ramparts (safe; 1% risk of failure)
Confirm with . or Enter, or press ? or * to list all spells.
Casting: Hailstorm (dangerous; 2% risk of failure)
Press: ? - help, Dir - look around, f - activate A cannonade of hail descends around you!
The hail pelts the boulder beetle!
The boulder beetle is heavily wounded.
Unknown command.
You hit the boulder beetle but do no damage.
The boulder beetle is heavily wounded.
The boulder beetle hits you!!!
Ouch! That really hurt!
* * * LOW HITPOINT WARNING * * *
The boulder beetle stops rolling and uncurls.
You barely miss the boulder beetle.
The boulder beetle is heavily wounded.
The boulder beetle bites you!!
You die...

#..........#O....©
######...
#..........#######
..........
#........####
.#########
#...........#
##########.## #..#
##.# #.## #.@#
##B# #.# #.#
#.†°.=...
#.......>
##....... #..P...
#.....


You could see a boulder beetle.

Vanquished Creatures
  Josephine (D:10)
  Erica (D:8)
  Urug (D:10)
  An ugly thing (D:11)
  An elephant (D:11)
  A gargoyle (D:10)
  3 kobold demonologists
  A troll (D:11)
  A hornet (D:10)
  A shadow (D:11)
  A vampire (D:8)
  6 wraiths
  15 yaks
  Grum (D:8)
  2 basilisks (D:11)
  A wyvern (D:10)
  2 vampire mosquitoes (D:11)
  Menkaure (D:7)
  A water moccasin (D:8)
  2 acid dragons
  A sky beast (D:7)
  Duvessa (D:7)
  3 orc warriors
  2 black bears
  5 ogres
  4 centaurs
  3 wolves (D:8)
  A phantom (D:4)
  2 kobold brigands
  A necrophage (D:7)
  A gnoll sergeant (D:10)
  3 scorpions
  5 bullfrogs
  11 wights
  Dowan (D:7)
  7 killer bees (D:9)
  3 howler monkeys
  A jelly (D:4)
  8 hounds
  3 orc priests
  Ijyb (D:4)
  3 iguanas
  11 orc wizards
  6 gnolls
  8 adders
  A shadow imp (D:7)
  3 white imps
  2 worms (D:2)
  4 dart slugs
  38 orcs
  7 endoplasms
  A giant cockroach (D:4)
  7 goblins
  7 hobgoblins
  2 jackals (D:3)
  15 kobolds
  A quokka (D:2)
  8 ball pythons
  6 bats
  4 frilled lizards
  4 rats
249 creatures vanquished.

Vanquished Creatures (others)
  An orc wizard (D:8)
  A bush (D:11)
  A fungus (D:8)
3 creatures vanquished.

Grand Total: 252 creatures vanquished

Notes
Turn   | Place    | Note
-------+----------+-------------------------------------------
     0 | D:1      | GeorgeSoros the Demonspawn Ice Elementalist began the quest
                  | for the Orb.
     0 | D:1      | Reached XP level 1. HP: 13/13 MP: 3/3
   149 | D:1      | Found a faded altar of an unknown god.
   554 | D:1      | Reached skill level 4 in Ice Magic
   604 | D:1      | Gained mutation: You are partially covered in thin metallic
                  | scales. (AC +2) [demonic ancestry]
   604 | D:1      | Reached XP level 2. HP: 19/19 MP: 1/5
  1317 | D:2      | Gained mutation: You have sharp fingernails. [demonic
                  | ancestry]
  1317 | D:2      | Reached XP level 3. HP: 24/24 MP: 2/6
  1421 | D:2      | Learned a level 3 spell: Frozen Ramparts
  1641 | D:2      | You fall into a shaft and drop 1 floor!
  1722 | D:3      | Found Extapo Imeje's Magic Scroll Shoppe.
  1946 | D:3      | Found a burning altar of Makhleb.
  2048 | D:3      | Found a broken altar of Ashenzari.
  2057 | D:3      | Reached skill level 5 in Ice Magic
  2123 | D:3      | Reached XP level 4. HP: 24/30 MP: 5/7
  2127 | D:3      | Learned a level 3 spell: Ozocubu's Armour
  3459 | D:4      | Found a staircase to the Ecumenical Temple.
  3469 | Temple   | Entered the Ecumenical Temple
  3529 | Temple   | Became a worshipper of Qazlal Stormbringer
  3554 | D:4      | Noticed a scorpion
  3566 | D:4      | Killed a scorpion
  3567 | D:4      | Reached skill level 6 in Ice Magic
  3567 | D:4      | Reached XP level 5. HP: 30/35 MP: 1/8
  3629 | D:4      | Found Jasuh's Assorted Antiques.
  3641 | D:4      | Noticed a phantom
  3694 | D:4      | Killed a phantom
  3695 | D:4      | Reached skill level 1 in Armour
  3695 | D:4      | Reached skill level 1 in Invocations
  3951 | D:4      | Reached XP level 6. HP: 41/41 MP: 2/9
  5013 | D:4      | Noticed Ijyb
  5022 | D:4      | Killed Ijyb
  5233 | D:5      | Entered Level 5 of the Dungeon
  5248 | D:5      | Reached XP level 7. HP: 40/46 MP: 3/10
  5313 | D:5      | Found a snail-covered altar of Cheibriados.
  5428 | D:5      | Reached * piety under Qazlal
  5943 | D:5      | Reached skill level 7 in Ice Magic
  6125 | D:5      | Reached skill level 5 in Invocations
  6340 | D:5      | Gained mutation: You may rarely emit foul miasma when
                  | damaged in melee. [demonic ancestry]
  6340 | D:5      | Reached XP level 8. HP: 46/52 MP: 4/12
  7630 | D:6      | Reached skill level 8 in Ice Magic
  7691 | D:4      | Bought a jewelled long sword for 212 gold pieces
  7691 | D:4      | Identified the +10 long sword "Kekir" {venom, rN+ rCorr}
                  | (You bought it in a shop on level 4 of the Dungeon)
  7817 | D:6      | Reached skill level 5 in Armour
  7955 | D:6      | Reached skill level 1 in Long Blades
  8211 | D:7      | Reached ** piety under Qazlal
  8438 | D:7      | Noticed Duvessa
  8439 | D:7      | Noticed Dowan
  8445 | D:7      | Killed Duvessa
  8446 | D:7      | Killed Dowan
  8447 | D:7      | Gained mutation: You have very sharp fingernails. [demonic
                  | ancestry]
  8447 | D:7      | Reached XP level 9. HP: 57/57 MP: 7/14
  8538 | D:7      | Noticed Menkaure
  8547 | D:7      | Killed Menkaure
  9043 | D:7      | Found a sparkling altar of Nemelex Xobeh.
  9287 | D:7      | Found an iron altar of Okawaru.
  9615 | D:8      | Learned a level 4 spell: Hailstorm
 10086 | D:8      | Noticed Erica
 10093 | D:8      | Killed Erica
 10094 | D:8      | Reached skill level 9 in Ice Magic
 10420 | D:8      | Noticed Grum
 10430 | D:8      | Killed Grum
 10431 | D:8      | Gained mutation: You sometimes emit foul miasma when
                  | damaged in melee. [demonic ancestry]
 10431 | D:8      | Reached XP level 10. HP: 35/63 MP: 6/15
 10860 | D:8      | Found a runed translucent gate.
 10863 | D:8      | Found a runed translucent gate.
 10863 | D:8      | Noticed Caerwyn's ghost (novice KoEn)
 10864 | D:8      | Found a runed translucent gate.
 11187 | D:9      | Reached skill level 5 in Long Blades
 11927 | D:9      | Reached *** piety under Qazlal
 12044 | D:9      | Reached skill level 10 in Ice Magic
 12049 | D:9      | Reached skill level 5 in Conjurations
 12270 | D:10     | Entered Level 10 of the Dungeon
 12497 | D:10     | Noticed a gargoyle
 12516 | D:10     | Killed a gargoyle
 12517 | D:10     | Reached skill level 1 in Fighting
 12708 | D:10     | Identified the ring "Guupnio" {Fly Dex+2 SInv}
 12795 | D:10     | Noticed Josephine
 12819 | D:10     | Killed Josephine
 12820 | D:10     | Gained mutation: You are mostly covered in thin metallic
                  | scales. (AC +3) [demonic ancestry]
 12820 | D:10     | Reached XP level 11. HP: 21/75 MP: 1/16
 13151 | D:10     | Noticed Urug
 13163 | D:10     | Killed Urug
 13434 | D:11     | Found a blossoming altar of Fedhas.
 13438 | D:10     | Noticed a soul eater
 13442 | D:10     | Noticed a sixfirhy
 13445 | D:10     | Reached skill level 1 in Shields
 13553 | D:11     | Reached **** piety under Qazlal
 13834 | D:11     | Noticed a purple ugly thing
 13839 | D:11     | Killed a purple ugly thing
 13976 | D:11     | Identified the +7 giant club of the Coward {vamp, rPois rF+
                  | rC+ rN+ Dex+2}
 13976 | D:11     | Noticed a two-headed ogre
 13976 | D:11     | Noticed mirui's ghost (journeyman DsGl)
 13977 | D:11     | Noticed a two-headed ogre
 13977 | D:11     | Noticed a two-headed ogre
 13978 | D:11     | Found a transporter.
 13979 | D:11     | Noticed a two-headed ogre
 13991 | D:11     | Found a transporter.
 14009 | D:11     | Found a staircase to the Lair.
 14016 | D:11     | Noticed a boulder beetle
 14048 | D:11     | Mangled by a boulder beetle

Illustrated notes

Levels and vault maps discovered:
D:1:      saegor_arrival_under_anarchy, layout_loops_corners,
          dreamdust_ecumenical_altar_statues
D:2:      layout_rooms
D:3:      layout_loops_ring, amcnicky_altar_gilded,
          mainiacjoe_overflow_six_doors_small, serial_shops, shop_statue,
          nicolae_titane
D:4:      kennysheep_the_goblin_king, layout_gridville,
          minmay_temple_entry_sparse_star, serial_shops, shop_fountains,
          roderic_serpentine_path
D:5:      layout_gridville, mainiacjoe_overflow_small_starburst
D:6:      layout_loops_corners
D:7:      layout_loops_ring, nemelex_spade_bored_becter,
          lemuel_coloured_pillars_altar, uniq_menkaure, uniq_duvessa
D:8:      layout_basic, elyvilon_altar_1, lemuel_doored_altar,
          biasface_ghost_orc_armoury, uniq_grum, uniq_erica, uniq_prince_ribbit1
D:9:      layout_loops_cross, minmay_holes
D:10:     layout_rooms, uniq_josephine, uniq_urug
D:11:     layout_basic, david_lair_generic, hiddenorc1_lemuel,
          gammafunk_ghost_smash, fedhas_bush_and_centaur_altar
Temple:   hellmonk_temple_two_chambers

Skill      XL: |  1  2  3  4  5  6  7  8  9 10 11 |
---------------+----------------------------------+-----
Ice Magic      | 4 5 6 7 8 9 10 | 10.9
Armour         | 1 2 3 5 6 |  6.0
Invocations    | 2 3 5 7 |  7.0
Long Blades    | 1 4 6 7 |  7.3
Conjurations   | 3 6 7 |  7.0
Fighting       | 3 4 |  4.6
Shields        | 4 |  4.0
Dodging        | |  1.7
Stealth        | |  1.7
Spellcasting   | |  2.0

Action                   |  1- 3 |  4- 6 |  7- 9 | 10-12 || total
-------------------------+-------+-------+-------+-------++-------
Melee: Hand axe          |    14 |    53 |       |       ||    67
       Punch             |       |     1 |     3 |       ||     4
       Long sword        |       |    15 |   140 |   162 ||   317
Throw: Dart              |     5 |       |       |       ||     5
 Cast: Freeze            |    54 |    32 |       |       ||    86
       Frozen Ramparts   |       |    14 |    42 |    35 ||    91
       Ozocubu's Armour  |       |    11 |    34 |    24 ||    69
       Hailstorm         |       |       |       |     8 ||     8
  Use: Scroll            |     7 |     5 |     7 |     5 ||    24
       Potion            |       |       |       |     1 ||     1
 Stab: Sleeping          |     2 |     1 |       |       ||     3
Armor: Robe              |    13 |    38 |    44 |       ||    95
       Leather armour    |       |       |    32 |    91 ||   123
Dodge: Dodged            |    33 |    64 |    92 |    76 ||   265
Block: Other             |       |       |    11 |    52 ||    63
       Reflection        |       |       |       |    11 ||    11
       Buckler           |       |       |       |    26 ||    26

Table legend: (Time is in decaauts)
 A = Elapsed time spent in this place.
 B = Non-inter-level travel time spent in this place.
 C = Inter-level travel time spent in this place.
 D = Time resting spent in this place.
 E = Time spent auto-exploring this place.
 F = Levels seen in this place.
 G = Mean time per level.
                   A        B        C        D        E       F      G
               +--------+--------+--------+--------+--------+-----+--------+
         Total |  14193 |  13435 |    758 |   1178 |  10206 |  12 | 1182.8 |
       Dungeon |  14123 |  13373 |    750 |   1178 |  10196 |  11 | 1283.9 |
        Temple |     69 |     61 |      8 |      0 |     10 |   1 |   69.0 |
               +--------+--------+--------+--------+--------+-----+--------+

Top non-repeatable levels by time:
     D:4: 1796 daAuts
     D:5: 1750 daAuts
     D:8: 1650 daAuts
     D:9: 1550 daAuts
     D:6: 1326 daAuts
     D:3: 1309 daAuts
     D:7: 1261 daAuts
     D:1: 1176 daAuts
     D:2: 938 daAuts
    D:10: 847 daAuts
    D:11: 517 daAuts
  Temple: 69 daAuts
